 Dungeon Crawl Stone Soup version 0.28.0-53-g5a82cb258f (webtiles) character file.

Game seed: 17899778191775946618

975 mcbry74 the Twirler (level 8, -2/60 HPs)
             Began as a Formicid Fighter on July 8, 2022.
             Succumbed to a water moccasin's poison
             ... on level 5 of the Dungeon.
             The game lasted 00:14:58 (5491 turns).

mcbry74 the Twirler (Formicid Fighter)              Turns: 5491, Time: 00:14:59

Health: -2/60      AC:  7    Str: 21    XL:     8   Next: 39%
Magic:  3/8        EV:  9    Int: 10    God:
Gold:   351        SH:  4    Dex: 10    Spells: 4/7 levels left

rFire   . . .      SeeInvis +   w - +0 lajatang
rCold   . . .      Faith    .   c - +0 buckler
rNeg    . . .      Spirit   +   b - +0 scale mail
rPois   .          Reflect  .   (helmet unavailable)
rElec   .          Harm     .   (no cloak)
rCorr   .          Rampage  .   (no gloves)
Will    .....                   (no boots)
Stlth   ..........              A - amulet of guardian spirit
HPRegen 0.20/turn               (no ring)
MPRegen 0.11/turn               (no ring)

@: mighty, lethally poisoned (-2 -> -18)
A: permanent stasis, dig shafts and tunnels, antennae 3, four strong arms
a: Dig, Shaft Self


You were on level 5 of the Dungeon.
You visited 1 branch of the dungeon, and saw 5 of its levels.
You also visited: Ossuary.

You collected 351 gold pieces.

Inventory:

Hand Weapons
 a - a +0 flail
 f - a +0 hunting sling
 w - a +0 lajatang (weapon)
Missiles
 e - 36 sling bullets
 n - 72 bolts
 x - 6 poisoned darts
Armour
 b - a +0 scale mail (worn)
 c - a +0 buckler (worn)
Magical Staves
 j - a staff of earth
Jewellery
 A - an amulet of guardian spirit (around neck)
Wands
 z - a wand of acid (7)
Scrolls
 h - 2 scrolls of fear {unknown}
 i - 5 scrolls of identify {unknown}
 k - a scroll of torment {unknown}
 o - a scroll of fog {unknown}
 y - 3 scrolls of teleportation {unknown}
 B - a scroll of brand weapon {unknown}
 D - a scroll of magic mapping {unknown}
Potions
 g - 3 potions of flight {unknown}
 l - 3 potions of lignification {unknown}
 m - a potion of degeneration {unknown}
 p - 4 potions of curing {unknown}
 q - 4 potions of attraction {unknown}
 r - 3 potions of haste {unknown}
 s - a potion of resistance {unknown}
 t - a potion of magic {unknown}
 u - a potion of heal wounds {unknown}
 v - a potion of mutation {unknown}
 C - a potion of berserk rage {unknown}


   Skills:
 - Level 4.0 Fighting
 - Level 4.8(5.9) Maces & Flails
 * Level 5.3(6.2) Staves
 - Level 4.0 Armour
 - Level 4.0 Shields
 + Level 5.2 Hexes


You had 4 spell levels left.
You knew the following spells:

 Your Spells              Type           Power      Damage    Failure   Level
a - Tukima's Dance        Hex            10%        N/A       38%         3

Your spell library contained the following spells:

 Spells                   Type           Power      Damage    Failure   Level
 Ensorcelled Hibernation  Hex/Ice        10%        N/A       54%         2
 Apportation              Tloc           0%         N/A       77%         1
 Gell's Gravitas          Tloc           0%         N/A       98%         3
 Lesser Beckoning         Tloc           0%         N/A       98%         3
 Spider Form              Tmut/Pois      0%         N/A       98%         3
 Teleport Other           Tloc           0%         N/A       98%         3
 Anguish                  Hex/Necr       2%         N/A       99%         4
 Alistair's Intoxication  Tmut/Pois      0%         N/A       100%        5
 Enfeeble                 Hex            5%         N/A       100%        7


Dungeon Overview and Level Annotations

Branches:
Dungeon (5/15)            Ossuary (visited)
 Temple: D:4-7

Altars:
Fedhas


Innate Abilities, Weirdness & Mutations

You cannot be hasted, slowed, berserked, paralysed or teleported.
You can dig through walls and to a lower floor.
You have a pair of large antennae on your head. (SInv)
Your four strong arms can wield two-handed weapons with a shield.


Message History

You block the water moccasin's attack.
You slash the water moccasin!
The water moccasin is heavily wounded.
You block the water moccasin's attack. The water moccasin bites you.
You are poisoned.
The water moccasin poisons you!
You barely miss the water moccasin.
The water moccasin is heavily wounded.
You feel very sick. You block the water moccasin's attack.
The water moccasin bites you!
You barely miss the water moccasin.
The water moccasin is heavily wounded.
You feel sick. You block the water moccasin's attack.
You miss the water moccasin.
The water moccasin is heavily wounded.
You feel sick.
The water moccasin bites you but does no damage.
The water moccasin bites you.
You are more poisoned.
The water moccasin poisons you!
You feel very mighty all of a sudden.
You feel very sick. The water moccasin bites you.
* * * LOW HITPOINT WARNING * * *
You are lethally poisoned!
The water moccasin poisons you!
You miss the water moccasin.
The water moccasin is heavily wounded.
* * * LOW HITPOINT WARNING * * *
You feel extremely sick. The water moccasin closely misses you.
The water moccasin bites you.
* * * LOW HITPOINT WARNING * * *
You miss the water moccasin.
The water moccasin is heavily wounded.
* * * LOW HITPOINT WARNING * * *
You feel very sick.
The water moccasin bites you but does no damage.
You barely miss the water moccasin.
The water moccasin is heavily wounded.
You die...

##...## #.# ##'##
#.# #.# #.# ##.##
#.# #...# #.#
###.#.### #.#
####...#...## #S#
#....#####...
#@####.##...#...##
#.#.....####.#.###
##.###### #...# ##
##.## #.# #.#
..#.# #.#.# #.#.#
#


You could see a water moccasin.

Vanquished Creatures
  2 necrophages (D:3)
  A centaur (D:5)
  A phantom (D:5)
  A wyvern skeleton (D:5)
  A water moccasin skeleton (D:5)
  2 hounds (D:5)
  3 centaur zombies
  3 human zombies (Ossuary)
  An iguana (D:5)
  2 hound zombies (Ossuary)
  2 hound skeletons (D:4)
  3 mummies (Ossuary)
  A howler monkey zombie (D:5)
  5 adders
  A shadow imp (D:5)
  6 adder zombies (Ossuary)
  A worm (D:2)
  3 dart slugs
  9 orcs
  2 ball pythons
  6 endoplasms
  3 giant cockroaches
  3 goblins
  6 hobgoblins
  2 jackals (D:1)
  6 kobolds
  5 quokkas
  7 bats
  4 frilled lizards
  2 gnoll zombies (Ossuary)
  2 goblin zombies (Ossuary)
  4 hobgoblin zombies (Ossuary)
  8 jackal zombies (Ossuary)
  3 kobold zombies (Ossuary)
  3 orc zombies (Ossuary)
  2 quokka zombies (Ossuary)
  A rat (D:2)
  2 rat zombies (Ossuary)
  A bush (D:2)
120 creatures vanquished.

Vanquished Creatures (others)
  2 plants (D:2)
2 creatures vanquished.

Grand Total: 122 creatures vanquished

Notes
Turn   | Place    | Note
-------+----------+-------------------------------------------
     0 | D:1      | mcbry74 the Formicid Fighter began the quest for the Orb.
     0 | D:1      | Reached XP level 1. HP: 18/18 MP: 1/1
   174 | D:1      | Reached XP level 2. HP: 11/24 MP: 2/2
   775 | D:1      | Reached XP level 3. HP: 29/29 MP: 3/3
  1411 | D:2      | Reached XP level 4. HP: 37/37 MP: 4/4
  2207 | D:3      | Found a faded altar of an unknown god.
  2490 | D:3      | Reached XP level 5. HP: 22/42 MP: 5/5
  2657 | D:3      | Learned a level 3 spell: Tukima's Dance
  2737 | D:3      | Found a blossoming altar of Fedhas.
  2836 | D:4      | Noticed a necrophage
  2836 | D:4      | Noticed a necrophage
  2850 | D:3      | Killed a necrophage
  2851 | D:3      | Reached skill level 1 in Hexes
  2851 | D:3      | Reached XP level 6. HP: 44/48 MP: 6/6
  2905 | D:3      | Killed a necrophage
  3899 | D:5      | Entered Level 5 of the Dungeon
  3908 | D:5      | Reached skill level 1 in Staves
  3993 | D:5      | Reached XP level 7. HP: 39/54 MP: 7/7
  4064 | D:5      | Found a sand-covered staircase.
  4071 | Ossuary  | Entered an ossuary
  4930 | D:5      | Reached XP level 8. HP: 53/60 MP: 8/8
  5119 | D:5      | Reached skill level 5 in Staves
  5119 | D:5      | Reached skill level 5 in Hexes
  5490 | D:5      | HP: 2/60 [poisoned by a water moccasin]
  5491 | D:5      | Succumbed to a water moccasin's poison

Illustrated notes

Levels and vault maps discovered:
D:1:      nzn_arrival_depleted_hourglass, layout_rooms
D:2:      layout_basic, serial_forest, infiniplex_forest_clump_tiny,
          infiniplex_forest_end_1, infiniplex_forest_lined_1,
          infiniplex_forest_clump_small, infiniplex_forest_straight_2,
          infiniplex_forest_end_1, infiniplex_forest_lined_2,
          infiniplex_forest_join, infiniplex_forest_lined_2,
          infiniplex_forest_lined_ring
D:3:      layout_rooms, mainiacjoe_overflow_boulevard,
          chequers_ecumenical_altar_grove
D:4:      layout_loops_ring
D:5:      layout_loops_corners, lightli_ossuary_entry_decrepit_ruins

Skill      XL: |  1  2  3  4  5  6  7  8 |
---------------+-------------------------+-----
Shields        | 4 |  4.0
Fighting       | 4 |  4.0
Maces & Flails | 3 4 |  4.8
Armour         | 4 |  4.0
Hexes          | 1 3 4 5 |  5.2
Staves         | 1 4 5 |  5.3

Action                   |  1- 3 |  4- 6 |  7- 9 || total
-------------------------+-------+-------+-------++-------
Melee: Flail             |   130 |   158 |       ||   288
       Lajatang          |       |    53 |   216 ||   269
 Abil: Dig               |     2 |     1 |     1 ||     4
  Use: Potion            |       |       |     1 ||     1
Armor: Scale mail        |    72 |    56 |   100 ||   228
Dodge: Dodged            |    86 |    87 |   100 ||   273
Block: Buckler           |    38 |    34 |    66 ||   138
